 Dungeon Crawl Stone Soup version 0.18.1-5-g4a78601 (webtiles) character file.

93 Zhenya25pyc the Skirmisher (level 4, -1/29 HPs)
             Began as a Gargoyle Fighter on May 14, 2016.
             Slain by Ijyb (4 damage)
             ... on level 3 of the Dungeon.
             The game lasted 00:02:33 (1528 turns).

Zhenya25pyc the Skirmisher (Gargoyle Fighter)       Turns: 1528, Time: 00:02:33

Health: -1/29      AC: 10    Str: 20    XL:     4   Next: 62%
Magic:  4/4        EV:  7    Int:  9    God:
Gold:   95         SH:  9    Dex:  9    Spells: 0 memorised, 3 levels left

rFire  . . .     SeeInvis .     a - +0 flail
rCold  . . .     Gourm    .     b - +0 scale mail
rNeg   + . .     Faith    .     c - +0 shield
rPois  ∞         Spirit   .     (no helmet)
rElec  +         Dismiss  .     (no cloak)
rCorr  .         Reflect  .     (no gloves)
SustAt .         Harm     .     (no boots)
MR     .....                    (no amulet)
Stlth  ..........               (no ring)
                                (no ring)

@: not resistant to hostile enchantments, extremely unstealthy
A: negative energy resistance 1, electricity resistance, unbreathing,
petrification resistance, rot immunity, AC +3
a: no special abilities


You were on level 3 of the Dungeon.
You were not hungry.

You visited 1 branch of the dungeon, and saw 3 of its levels.

You collected 95 gold pieces.

Inventory:

Hand Weapons
 a - a +0 flail (weapon)
Armour
 b - a +0 scale mail (worn)
 c - a +0 shield (worn)
Scrolls
 g - a scroll of enchant armour {unknown}
 i - a scroll of random uselessness {unknown}
 k - a scroll of identify {unknown}
 o - a scroll of magic mapping {unknown}
 q - a scroll of enchant weapon {unknown}
 s - a scroll of blinking {unknown}
Potions
 d - a potion of might
 e - a potion of heal wounds {unknown}
 h - a potion of lignification {unknown}
 j - a potion of cancellation {unknown}
 m - a potion of ambrosia {unknown}
 n - 2 potions of curing {unknown}
 p - 2 potions of cure mutation {unknown}
Comestibles
 f - 2 bread rations
 l - a beef jerky
 r - a chunk of flesh


   Skills:
 + Level 3.8 Fighting
 * Level 3.7 Maces & Flails
 + Level 3.7 Armour
 + Level 3.6 Shields


You had 3 spell levels left.
You didn't know any spells.

Dungeon Overview and Level Annotations

Branches:
Dungeon (3/15)

Altars:

Annotations:
D:3 Ijyb


Innate Abilities, Weirdness & Mutations

You are resistant to torment.
Your stone body is resilient (AC +3).
You are immune to poison.
You resist negative energy.
You are resistant to electric shocks.
You can survive without breathing.
You are immune to petrification.
You are immune to rotting.


Message History

The gnoll is moderately wounded.
The gnoll hits you but does no damage. You block the gnoll's attack.
You barely miss the gnoll.
The gnoll is moderately wounded.
The gnoll hits you with a flail.
You hit the gnoll.
The gnoll is severely wounded.
The gnoll hits you with a flail!
* * * LOW HITPOINT WARNING * * *
You are too injured to fight recklessly!
You completely miss the gnoll.
The gnoll is severely wounded.
You block the gnoll's attack.
You hit the gnoll.
You kill the gnoll!
Ijyb hits you but does no damage.
You hit Ijyb.
Ijyb is moderately wounded.
Ijyb hits you.
You die...

.%. .# #.# .# #
#.# ..#
#o.####.# ..#
K..os.o.##..###.
..oo.g.go.......
#..#####gs..###
#..## #g##.#
...# #@# # #..#
#.# #..# #.#
#..####.#
#....##.#
##..#>##)#
#.###...#....#
#.....#####..#
#####...#...##


You could see Ijyb, 2 gnolls, an orc and a giant cockroach.

Vanquished Creatures
  2 gnolls (D:3)
  An adder (D:2)
  An ooze (D:1)
  A worm (D:2)
  2 dart slugs
  2 giant geckos
  A giant cockroach (D:1)
  11 goblins
  5 hobgoblins (D:1)
  4 jackals
  2 quokkas (D:2)
  2 ball pythons
  8 bats
  2 giant newts
  A kobold (D:1)
  6 rats
51 creatures vanquished.

Notes
Turn   | Place    | Note
--------------------------------------------------------------
     0 | D:1      | Zhenya25pyc the Gargoyle Fighter began the quest for the Orb.
     0 | D:1      | Reached XP level 1. HP: 14/14 MP: 1/1
    79 | D:1      | Reached XP level 2. HP: 19/19 MP: 2/2
   295 | D:1      | Reached XP level 3. HP: 23/23 MP: 3/3
  1121 | D:2      | Reached XP level 4. HP: 22/29 MP: 4/4
  1503 | D:3      | Noticed Ijyb
  1528 | D:3      | Slain by Ijyb

Skill      XL: |  1  2  3 |
---------------+----------+-----
Maces & Flails | 3 |  3.7
Fighting       | |  3.8
Armour         | |  3.7
Shields        | |  3.6

Action                   |  1- 3 |  4- 6 || total
-------------------------+-------+-------++-------
Melee: Flail             |   139 |    56 ||   195
  Eat: Chunk             |     1 |     1 ||     2
Armor: Scale mail        |    90 |    16 ||   106
Dodge: Dodged            |    49 |    18 ||    67
Block: Shield            |    72 |    24 ||    96
